Map: Ulrena

Players

Wellmet - Winner!

  • Race: Terran Terran
  • League: Diamond

DDolKKi

  • Race: Zerg Zerg
  • League: Master

VOD

Have the link to the VOD?

Description

Time

  • Played on: Nov. 14, 2015, 11:13 p.m.
  • Length: 4:36
Show
View Real Time Build Order
Export as new Build Order

Wellmet Terran - Winner!

Build Orders: 1/1/1, Liberator Opening 

Get SALT Encoding   

  12  0:00  SCV  
  13  0:14  SCV  
  13  0:17  Supply Depot  
  14  0:27  SCV  
  15  0:39  SCV  
  15  0:41  Barracks  
  16  0:46  Refinery  
  16  0:51  SCV  
  16  0:56  Refinery  
  17  1:03  SCV  
  18  1:15  SCV  
  19  1:28  Orbital Command  
  19  1:29  Marine  
  20  1:37  Factory  
  20  1:53  Barracks Reactor  
  20  1:55  SCV  
  21  2:09  SCV  
  21  2:11  Supply Depot  
  22  2:20  Starport  
  22  2:21  SCV  
  22  2:22  Factory Tech Lab  
  23  2:33  SCV, Marine x2  
  26  2:41  Siege Tank  
  29  2:44  Supply Depot  
  29  2:48  Liberator  
  29  2:51  Marine x2  
  31  3:06  SCV  
  31  3:09  Supply Depot  
  31  3:11  Marine  
  36  3:13  Marine  
  37  3:25  SCV  
  38  3:30  Siege Tank  
  41  3:35  Supply Depot, Liberator  
  41  3:36  Marine  
  41  3:40  Marine  
  43  3:46  SCV  
  47  3:56  Marine  
  47  4:00  Marine  
  49  4:15  Bunker  
  46  4:17  SCV  
Show
View Real Time Build Order
Export as new Build Order

DDolKKi Zerg 

Build Orders: Hatch First 

Get SALT Encoding   

  12  0:01  Drone  
  13  0:08  Drone  
  14  0:35  Hatchery  
  13  0:38  Drone  
  13  0:40  Extractor  
  13  0:44  Drone  
  14  1:01  Spawning Pool  
  13  1:04  Drone  
  13  1:11  Extractor  
  13  1:13  Drone  
  15  1:22  Overlord  
  15  1:52  Drone x2  
  15  1:53  Drone, Zergling x2  
  19  1:54  Queen  
  21  2:02  Queen  
  23  2:08  Drone  
  23  2:10  Drone  
  25  2:20  Roach Warren  
  24  2:25  Drone x2  
  26  2:30  Drone  
  26  2:35  Overlord  
  27  2:41  Overlord  
  27  3:07  Roach x3  
  27  3:08  Roach x3  
  39  3:21  Drone  
  39  3:22  Drone x2  
  39  3:24  Drone, Overlord  
  43  3:41  Overlord  
  43  3:44  Roach x4  
  45  3:55  Roach  
  41  3:56  Zergling x6  
  41  3:59  Roach  
  46  4:03  Zergling x4  
  48  4:15  Roach  
Tags
 
Add a new tag
Caveats
  • Supply blocks, unpowered buildings, or Contaminate may cause inaccurate times.
  • Supply counts are checked every 10 seconds.